 Dungeon Crawl Stone Soup version 0.25-a0-413-g3b4b6a4 (webtiles) character file.

Game seed: 9837800176698724383, levelgen mode: deterministic

18 2tousent the Vexing (level 2, 0/19 HPs)
             Began as a Demonspawn Enchanter on Jan 16, 2020.
             Slain by a kobold
             ... wielding a +0 antimagic dagger
              (4 damage)
             ... on level 1 of the Dungeon.
             The game lasted 00:03:08 (759 turns).

2tousent the Vexing (Demonspawn Enchanter)           Turns: 759, Time: 00:03:08

Health: 0/19       AC:  2    Str:  8    XL:     2   Next: 51%
Magic:  4/5        EV: 12    Int: 16    God:
Gold:   19         SH:  0    Dex: 13    Spells: 4/5 levels left

rFire    . . .     SeeInvis .   a - +1 dagger
rCold    . . .     Gourm    .   (no shield)
rNeg     . . .     Faith    .   b - +0 robe
rPois    .         Spirit   .   (no helmet)
rElec    .         Reflect  .   (no cloak)
rCorr    .         Harm     .   (no gloves)
MR       .....                  (no boots)
Stlth    ++........             (no amulet)
HPRegen  0.06/turn              (no ring)
MPRegen  0.09/turn              (no ring)

@: no status effects
A: talons 1
a: no special abilities


You were on level 1 of the Dungeon.
You were not hungry.

You visited 1 branch of the dungeon, and saw 1 of its levels.

You collected 19 gold pieces.

Inventory:

Hand Weapons
 a - a +1 dagger (weapon)
Armour
 b - a +0 robe (worn)
Scrolls
 c - a scroll of identify {unknown}
 e - a scroll of enchant weapon {unknown}
 g - 2 scrolls of magic mapping {unknown}
 h - a scroll of remove curse {unknown}
Potions
 f - a potion of might {unknown}
Comestibles
 d - a ration
 i - 2 chunks of flesh


   Skills:
 + Level 0.2 Fighting
 - Level 1.2 Short Blades
 + Level 0.2 Armour
 + Level 1.8 Dodging
 - Level 2.8 Stealth
 * Level 0.4 Unarmed Combat
 - Level 2.1 Spellcasting
 - Level 3.2 Hexes


You had 4 spell levels left.
You knew the following spells:

 Your Spells              Type           Power        Failure   Level  Hunger
a - Corona                Hex            ##.....      5%          1    #......

Your spell library contained the following spells:

 Spells                   Type           Power        Failure   Level  Hunger
 Ensorcelled Hibernation  Hex/Ice        #.....       16%         2    ###....
 Confusing Touch          Hex            ##......     17%         3    ###....
 Tukima's Dance           Hex            ##......     17%         3    ###....
 Dazzling Flash           Conj/Hex       #.....       32%         3    ###....


Dungeon Overview and Level Annotations

Branches:
Dungeon (1/15)

Altars:


Innate Abilities, Weirdness & Mutations

You have sharp toenails.


Message History

You see here a stone.
You see here a stone.
There is an open door here.
You are too injured to fight recklessly!
You are too injured to fight recklessly!
You are too injured to fight recklessly!
You are too injured to fight recklessly!
You completely miss the kobold.
The kobold hits you with a +0 antimagic dagger.
You barely miss the kobold. Your kick misses the kobold.
The kobold barely misses you.
You closely miss the kobold.
The kobold hits you with a +0 antimagic dagger.
* * * LOW HITPOINT WARNING * * *
You feel your power leaking away.
You closely miss the kobold. The kobold hits you but does no damage.
You hit the kobold but do no damage. You claw the kobold.
The kobold is heavily wounded.
The kobold hits you with a +0 antimagic dagger.
You die...

#.# #.# ###############
#.# ..............# #.#
............^.# #.#
..............# ########
#.# ............>.#
#......# #.#
.............)#####......#
#.#
...(..........gK@.'......#
#.#
###..........)#####......#
#.# #...........#
#......######.#
#############
#......'......#
#......######## #......# #
#......# # #......# #
#......# #


You could see a hobgoblin and a kobold.

Vanquished Creatures
  2 dart slugs (D:1)
  4 bats (D:1)
  A giant cockroach (D:1)
  2 goblins (D:1)
  2 hobgoblins (D:1)
  A frilled lizard (D:1)
  A rat (D:1)
13 creatures vanquished.

Notes
Turn   | Place    | Note
-------+----------+-------------------------------------------
     0 | D:1      | 2tousent the Demonspawn Enchanter began the quest for the
                  | Orb.
     0 | D:1      | Reached XP level 1. HP: 13/13 MP: 3/3
    50 | D:1      | Reached skill level 1 in Short Blades
   296 | D:1      | Gained mutation: You have sharp toenails. [demonic
                  | ancestry]
   296 | D:1      | Reached XP level 2. HP: 17/19 MP: 5/5
   759 | D:1      | Slain by a kobold

Levels and vault maps discovered:
D:1:      shiori_shiawase, layout_basic

Skill      XL: |  1 |
---------------+----+-----
Short Blades   | 1 |  1.2
Fighting       | |  0.2
Armour         | |  0.2
Dodging        | |  1.8
Stealth        | |  2.8
Unarmed Combat | |  0.4
Spellcasting   | |  2.1
Hexes          | |  3.2

Action                   || total
-------------------------++-------
Melee: Dagger            ||    53
       Kick              ||     6
 Stab: Sleeping          ||     2
Armor: Robe              ||    16
Dodge: Dodged            ||    38

Table legend:
 A = Non-vault XP
 B = Vault XP
 C = Vault XP percentage of total XP
 D = Non-vault monster count
 E = Vault monster count
 F = Vault count percentage of total count
                 A         B        C        D         E       F
            +---------+---------+-------+---------+---------+-------
      Total |      27 |       0 |   0.0 |      13 |       0 |   0.0
            +---------+---------+-------+---------+---------+-------
        D:1 |      27 |       0 |   0.0 |      13 |       0 |   0.0
            +---------+---------+-------+---------+---------+-------
